General information
- name: BNet
- type: Ladder 1vs1/FFA
- host: Battle.net
- saver: BEAR_AND
map: Wetlands
- players: 2
- length: 39:34
- speed: Fast
- version: 1.26 W3XP
- replay type:

» download(149 KB)
Players
team 1 (winner)
BEAR_AND (
red | 169 APM | 6673 actions | 39:34)
6 Archmage
3 Blizzard
3 Brilliance Aura
4 Mountain King
2 Storm Bolt
2 Bash
4 Paladin
2 Holy Light
2 Divine Shield
» actions
| Assign group hotkey | 15 | |
| Basic commands | 6 | |
| Build / train | 190 | |
| Enter build submenu | 70 | |
| Enter hero's abilities submenu | 15 | |
| Give item / drop item | 5 | |
| Remove unit from queue | 2 | |
| Right click | 4009 | |
| Select / deselect | 1121 | |
| Select group hotkey | 739 | |
| Use ability | 501 | |
6673 total
» units
» upgrades
| Masonry | 3 | |
| Magic Sentry | 1 | |
| Priest Training | 1 | |
| Lumber Harvesting | 2 | |
| Animal War Training | 1 | |
| Swords | 3 | |
| Armor | 3 | |
| Cloud | 1 | |
| Storm Hammers | 1 | |
| Long Rifles | 1 | |
17 total
» buildings
| Altar of Kings | 1 | |
| Farm | 10 | |
| Lumber Mill | 1 | |
| Arcane Vault | 3 | |
| Scout Tower | 121 | |
| Guard Tower | 80 | |
| Keep | 3 | |
| Castle | 1 | |
| Arcane Sanctum | 1 | |
| Arcane Tower | 10 | |
| Town Hall | 4 | |
| Blacksmith | 1 | |
| Barracks | 1 | |
| Gryphon Aviary | 9 | |
246 total
» build order
00:06 Altar of Kings
00:30 Farm
00:34 Lumber Mill
01:00 Arcane Vault
01:05 Farm
01:37 Scout Tower
01:44 Scout Tower
01:49 Scout Tower
02:19 Scout Tower
02:22 Guard Tower
02:22 Guard Tower
02:23 Guard Tower
02:30 Scout Tower
02:31 Scout Tower
02:53 Guard Tower
02:55 Scout Tower
03:03 Guard Tower
03:06 Scout Tower
03:24 Keep
03:24 Keep
03:32 Guard Tower
03:32 Guard Tower
03:32 Guard Tower
03:41 Guard Tower
03:41 Guard Tower
03:42 Guard Tower
03:42 Guard Tower
03:43 Guard Tower
03:46 Scout Tower
03:57 Guard Tower
04:27 Farm
04:28 Farm
04:28 Farm
04:31 Farm
04:32 Farm
04:50 Guard Tower
04:52 Scout Tower
04:54 Scout Tower
04:57 Scout Tower
05:48 Guard Tower
05:49 Scout Tower
05:49 Scout Tower
05:50 Scout Tower
05:51 Scout Tower
06:44 Guard Tower
06:57 Castle
07:31 Guard Tower
07:51 Guard Tower
09:21 Arcane Sanctum
09:34 Scout Tower
09:35 Scout Tower
10:05 Farm
10:05 Farm
10:06 Farm
10:18 Scout Tower
10:18 Scout Tower
10:19 Scout Tower
10:19 Scout Tower
10:20 Scout Tower
10:39 Guard Tower
10:39 Guard Tower
10:45 Scout Tower
10:58 Scout Tower
11:03 Guard Tower
11:04 Scout Tower
11:06 Scout Tower
11:07 Guard Tower
11:17 Guard Tower
11:17 Guard Tower
11:18 Scout Tower
11:20 Scout Tower
11:21 Scout Tower
11:21 Scout Tower
11:51 Guard Tower
11:53 Scout Tower
11:53 Scout Tower
11:54 Scout Tower
12:01 Guard Tower
12:03 Guard Tower
12:03 Guard Tower
12:03 Guard Tower
12:25 Guard Tower
12:27 Arcane Tower
12:34 Arcane Tower
13:42 Town Hall
14:41 Guard Tower
14:44 Scout Tower
14:45 Scout Tower
14:46 Scout Tower
14:47 Scout Tower
14:47 Scout Tower
14:48 Scout Tower
15:13 Guard Tower
15:13 Guard Tower
15:17 Scout Tower
15:17 Scout Tower
15:18 Scout Tower
15:19 Scout Tower
15:19 Scout Tower
15:20 Scout Tower
15:20 Scout Tower
15:21 Scout Tower
15:49 Guard Tower
16:50 Guard Tower
17:16 Guard Tower
17:37 Guard Tower
18:09 Guard Tower
18:51 Town Hall
18:55 Scout Tower
18:55 Scout Tower
18:56 Scout Tower
18:56 Scout Tower
18:57 Scout Tower
18:58 Scout Tower
18:58 Scout Tower
18:59 Scout Tower
19:00 Scout Tower
19:24 Guard Tower
19:26 Guard Tower
19:26 Guard Tower
19:26 Guard Tower
20:09 Guard Tower
20:11 Scout Tower
20:11 Scout Tower
20:12 Scout Tower
20:12 Scout Tower
20:13 Scout Tower
20:13 Scout Tower
20:15 Scout Tower
20:16 Scout Tower
20:22 Guard Tower
20:25 Blacksmith
20:27 Barracks
20:44 Arcane Tower
20:44 Arcane Tower
21:18 Guard Tower
21:20 Guard Tower
21:20 Guard Tower
21:21 Guard Tower
21:53 Gryphon Aviary
21:53 Gryphon Aviary
26:37 Scout Tower
26:38 Scout Tower
26:39 Scout Tower
26:39 Scout Tower
26:41 Scout Tower
26:42 Scout Tower
26:42 Scout Tower
26:43 Scout Tower
26:44 Scout Tower
26:44 Scout Tower
26:45 Scout Tower
26:45 Scout Tower
26:46 Scout Tower
26:46 Scout Tower
26:47 Scout Tower
26:48 Scout Tower
27:38 Scout Tower
27:38 Scout Tower
27:42 Arcane Tower
27:43 Guard Tower
27:44 Guard Tower
28:04 Town Hall
28:16 Guard Tower
28:17 Guard Tower
28:24 Arcane Tower
28:25 Arcane Tower
28:55 Guard Tower
29:01 Scout Tower
29:01 Scout Tower
29:03 Scout Tower
29:03 Scout Tower
29:04 Scout Tower
29:04 Scout Tower
29:05 Scout Tower
29:14 Scout Tower
29:15 Scout Tower
29:15 Scout Tower
29:16 Scout Tower
29:17 Scout Tower
29:19 Scout Tower
29:19 Scout Tower
29:20 Scout Tower
29:20 Scout Tower
29:22 Scout Tower
29:22 Scout Tower
29:23 Scout Tower
29:24 Scout Tower
29:25 Scout Tower
29:25 Scout Tower
29:28 Scout Tower
29:29 Scout Tower
29:30 Scout Tower
29:47 Guard Tower
29:49 Arcane Tower
29:50 Guard Tower
30:21 Guard Tower
30:22 Scout Tower
30:31 Guard Tower
30:32 Scout Tower
30:34 Guard Tower
31:22 Guard Tower
31:24 Town Hall
31:33 Scout Tower
31:33 Scout Tower
31:34 Scout Tower
31:35 Scout Tower
31:36 Scout Tower
31:36 Scout Tower
31:38 Scout Tower
31:38 Scout Tower
31:39 Scout Tower
31:41 Scout Tower
32:28 Guard Tower
32:30 Guard Tower
32:33 Arcane Tower
32:47 Guard Tower
32:49 Scout Tower
33:14 Guard Tower
33:15 Guard Tower
33:17 Guard Tower
33:30 Guard Tower
33:32 Arcane Vault
33:36 Arcane Vault
37:51 Gryphon Aviary
37:52 Gryphon Aviary
37:53 Gryphon Aviary
37:53 Gryphon Aviary
37:54 Gryphon Aviary
37:55 Gryphon Aviary
37:55 Gryphon Aviary
» items
| Scroll of Regeneration | 2 | |
| Boots of Speed | 3 | |
| Staff of Teleportation | 3 | |
| Staff of Sanctuary | 3 | |
| Potion of Healing | 1 | |
| Lesser Clarity Potion | 2 | |
| Potion of Mana | 1 | |
15 total
team 2 (loser)

»
Noob4Life (
teal | 53 APM | 2083 actions | 39:33)
5 Demon Hunter
3 Immolation
2 Evasion
4 Priestess of the Moon
2 Trueshot Aura
2 Searing Arrows
» actions
| Assign group hotkey | 6 | |
| Basic commands | 10 | |
| Build / train | 105 | |
| Enter build submenu | 25 | |
| Enter hero's abilities submenu | 9 | |
| Remove unit from queue | 4 | |
| Right click | 1058 | |
| Select / deselect | 622 | |
| Select group hotkey | 174 | |
| Use ability | 70 | |
2083 total
» units
| Wisp | 36 | |
| Archer | 11 | |
| Huntress | 14 | |
| Glaive Thrower | 8 | |
| Faerie Dragon | 4 | |
| Dryad | 3 | |
76 total
» upgrades
| Strength of the Moon | 2 | |
| Moon Armor | 1 | |
| Ultravision | 1 | |
| Vorpal Blades | 1 | |
| Upgrade Moon Glaive | 1 | |
| Strength of the Wild | 1 | |
| Reinforced Hides | 1 | |
| Abolish Magic | 1 | |
| Nature's Blessing | 1 | |
10 total
» buildings
| Altar of Elders | 1 | |
| Ancient of War | 2 | |
| Moon Well | 7 | |
| Hunter's Hall | 1 | |
| Ancient of Wonders | 1 | |
| Tree of Ages | 1 | |
| Ancient Protector | 6 | |
| Tree of Eternity | 1 | |
| Ancient of Wind | 1 | |
| Tree of Life | 3 | |
| Ancient of Lore | 1 | |
| Chimaera Roost | 2 | |
27 total
» build order
00:12 Altar of Elders
00:19 Ancient of War
00:26 Moon Well
01:45 Moon Well
02:28 Hunter's Hall
04:02 Moon Well
04:48 Ancient of Wonders
06:53 Tree of Ages
06:59 Moon Well
07:45 Moon Well
07:54 Ancient of War
08:30 Ancient Protector
13:18 Moon Well
13:21 Moon Well
15:59 Tree of Eternity
19:29 Ancient of Wind
20:19 Ancient Protector
20:26 Ancient Protector
21:53 Tree of Life
23:05 Tree of Life
29:35 Ancient of Lore
31:16 Ancient Protector
31:19 Ancient Protector
31:22 Ancient Protector
33:08 Tree of Life
38:00 Chimaera Roost
38:03 Chimaera Roost
» items
Chat log
(04:15 / All) BEAR_AND: mystical elf
(04:17 / All) BEAR_AND: mystical elf
(04:21 / All) BEAR_AND: towers form an undersea shelf
(05:26 / All) BEAR_AND: IMMOLATION
(09:49 / All) BEAR_AND: lol
(17:46 / All) BEAR_AND: lol
(20:58 / All) BEAR_AND: LOL!
(21:09 / All) BEAR_AND: game over i guess
(21:11 / All) BEAR_AND: thanks for hte win
(25:30 / All) BEAR_AND: gg
(25:31 / All) BEAR_AND: shitlord
(27:01 / All) BEAR_AND: i'm taking a piss brb
(27:10 / All) BEAR_AND: so manner
(32:51 / All) BEAR_AND: hehehhehe
(32:58 / All) BEAR_AND: hehgehehheheheh
(36:20 / All) BEAR_AND: HEHEHEHEHO9
(38:20 / All) BEAR_AND: lol
(38:21 / All) BEAR_AND: siege